 Dungeon Crawl Stone Soup version 0.30-a0-881-g1ff12e1e11 (webtiles) character file.

Game seed: 2447988064997701177

23 ooooo the Conjurer (level 2, 17/19 HPs)
             Began as a Demonspawn Conjurer on Mar 15, 2023.
             Quit the game on level 1 of the Dungeon.
             The game lasted 00:01:08 (765 turns).

ooooo the Conjurer (Demonspawn Conjurer)             Turns: 765, Time: 00:01:09

Health: 17/19      AC:  3    Str:  7    XL:     2   Next: 75%
Magic:  5/5        EV: 12    Int: 19    God:
Gold:   24         SH:  0    Dex: 11    Spells: 2/5 levels left

rFire   . . .      SeeInvis .    e - +0 short sword
rCold   . . .      Faith    .    (no shield)
rNeg    . . .      Spirit   .    a - +0 robe
rPois   .          Reflect  .    c - +0 helmet
rElec   .          Rampage  .    (no cloak)
rCorr   .                        (no gloves)
Will    .....                    (no boots)
Stlth   ++                       (no amulet)
HPRegen 0.23/turn                (no ring)
MPRegen 0.09/turn                (no ring)

@: no status effects
A: foul stench 1
a: no special abilities


You were on level 1 of the Dungeon.
You visited 1 branch of the dungeon, and saw 1 of its levels.

You collected 24 gold pieces.

Inventory:

Hand Weapons
 e - a +0 short sword (weapon)
Armour
 a - a +0 robe (worn)
 c - a +0 helmet (worn)
Scrolls
 f - a scroll of amnesia {unknown}
Potions
 b - a potion of magic
 d - a potion of brilliance {unknown}


   Skills:
 + Level 2.1 Dodging
 + Level 2.2 Stealth
 + Level 2.3 Spellcasting
 + Level 4.2 Conjurations


You had 2 spell levels left.
You knew the following spells:

 Your Spells              Type           Power      Damage    Failure   Level
a - Searing Ray           Conj           36%        2d5       4%          2
b - Magic Dart            Conj           72%        1d6       3%          1

Your spell library contained the following spells:

 Spells                   Type           Power      Damage    Failure   Level
 Dazzling Flash           Conj/Hex       20%        N/A       21%         3
 Fulminant Prism          Conj/Hex       5%         3d7       56%         4
 Iskenderun's Mystic Bla  Conj/Tloc      10%        2d4       56%         4


Dungeon Overview and Level Annotations

Branches:
Dungeon (1/15) Zot: 5235

Altars:


Innate Abilities, Weirdness & Mutations

You may rarely emit foul miasma when damaged in melee.


Message History

f - a scroll labelled KIPTOT VIEN
There is an open door here.
You open the door.
A kobold comes into view. It is wielding a +0 short sword.
There is an open door here.
The kobold shouts!
You hit the kobold.
You kill the kobold!
No target in view!
You open the door.
There is an open door here.
A bat comes into view.
A bat is nearby!
The helpless bat fails to defend itself.
You hit the bat.
The bat is severely wounded.
The bat barely misses you. The bat barely misses you. x2
You barely miss the bat.
The bat is severely wounded.
The bat barely misses you. x2
The bat barely misses you.
You hit the bat.
You kill the bat!
No target in view!
You see here a bat corpse.
A hobgoblin comes into view.
The hobgoblin hits you but does no damage.
You hit the hobgoblin.
The hobgoblin is lightly wounded.
The hobgoblin hits you but does no damage.
You hit the hobgoblin.
The hobgoblin is heavily wounded.
The hobgoblin hits you.
You emit a cloud of foul miasma!
You hit the hobgoblin.
The hobgoblin is severely wounded.
The hobgoblin is engulfed in dark miasma.
The hobgoblin is poisoned.
The hobgoblin seems to slow down.
You kill the hobgoblin!
Are you sure you want to abandon this character and quit the game? (Confirm with "yes".)

.........######.......#
.........######.......#
......................#
.........#######......#
##### .........##
#......# #....
..........######).....##
#....
..........##...†........
#....
...........#.###########
#....
.......#.#.#.#..@§...#
##....
.......#.#.#.#.#####.#
#..... .......#.#.#.#.#
#..... .......#.#.#)#.#
##..... .......#.....#.#
###......
.......####....##
##....#### .......#
####..# #####..##.#
.......# #..##
#.....###.# .......#
#...###.##### #.#


There were no monsters in sight!

Vanquished Creatures
  2 endoplasms (D:1)
  2 giant cockroaches (D:1)
  A goblin (D:1)
  A hobgoblin (D:1)
  A quokka (D:1)
  A ball python (D:1)
  6 bats (D:1)
  5 kobolds (D:1)
  A rat (D:1)
20 creatures vanquished.

Notes
Turn   | Place    | Note
-------+----------+-------------------------------------------
     0 | D:1      | ooooo the Demonspawn Conjurer began the quest for the Orb.
     0 | D:1      | Reached XP level 1. HP: 13/13 MP: 3/3
   245 | D:1      | Gained mutation: You may rarely emit foul miasma when
                  | damaged in melee. [demonic ancestry]
   245 | D:1      | Reached XP level 2. HP: 19/19 MP: 1/5
   302 | D:1      | Learned a level 2 spell: Searing Ray
   765 | D:1      | Quit the game

Illustrated notes

Levels and vault maps discovered:
D:1:      kennysheep_arrival_forest, layout_basic

Skill      XL: |  1 |
---------------+----+-----
Stealth        | 2 |  2.2
Dodging        | 2 |  2.1
Spellcasting   | |  2.3
Conjurations   | |  4.2

Action                     || total
---------------------------++-------
  Melee: Unarmed           ||     2
         Short sword       ||    31
   Cast: Magic Dart        ||    13
         Searing Ray       ||     2
   Stab: Sleeping          ||     3
 Armour: Robe              ||    15
  Dodge: Dodged            ||    28

Table legend: (Time is in decaauts)
 A = Elapsed time spent in this place.
 B = Non-inter-level travel time spent in this place.
 C = Inter-level travel time spent in this place.
 D = Time resting spent in this place.
 E = Time spent auto-exploring this place.
 F = Levels seen in this place.
 G = Mean time per level.
                   A        B        C        D        E       F      G
               +--------+--------+--------+--------+--------+-----+--------+
         Total |    764 |    764 |      0 |     93 |    502 |   1 |  764.0 |
       Dungeon |    764 |    764 |      0 |     93 |    502 |   1 |  764.0 |
               +--------+--------+--------+--------+--------+-----+--------+

Top non-repeatable levels by time:
     D:1: 764 daAuts
